PCL
CALGARY COWBOYS @ LAS VEGAS STARS
05/06/2030
 
TOP OF THE 1ST
Calgary Cowboys batting - Pitching for Las Vegas Stars : RHP Dema Mitenkov
Pitching: RHP Dema Mitenkov
Batting: RHB Tom Rowe 0-0: Called Strike
0-1: Swinging Strike
0-2: Strikes out swinging
Batting: RHB César Rodríguez 0-0: Ball
1-0: Foul Ball, location: 2F
1-1: Ball
2-1: DOUBLE (Line Drive, 78D)
Batting: LHB Edgar López 0-0: Ball
1-0: Swinging Strike
1-1: Ball
2-1: Ball
3-1: Base on Balls
Batting: LHB Miguel Pérez 0-0: Ball
1-0: Ball
2-0: Foul Ball, location: 2F
2-1: Swinging Strike
2-2: Strikes out looking
Batting: LHB Del Kennedy 0-0: Ball
1-0: Foul Ball, location: 2F
1-1: Ball
2-1: Foul Ball, location: 2F
2-2: Strikes out swinging
Top of the 1st over - 0 runs, 1 hit, 0 errors, 2 left on base; Calgary 0 - Las Vegas 0
BOTTOM OF THE 1ST
Las Vegas Stars batting - Pitching for Calgary Cowboys : RHP William Bryant
Pitching: RHP William Bryant
Batting: LHB Alberto Varela 0-0: Ball
1-0: Ball
2-0: Swinging Strike
2-1: Foul Ball, location: 2F
2-2: Ball
3-2: Strikes out looking
Batting: SHB Júlio Salazar 0-0: Ball
1-0: Fly out, F9 (Flyball, 9)
Batting: RHB Gilberto Silva 0-0: Foul Ball, location: 2F
0-1: Ball
1-1: Called Strike
1-2: Fly out, F3 (Popup, 23F)
Bottom of the 1st over - 0 runs, 0 hits, 0 errors, 0 left on base; Calgary 0 - Las Vegas 0
TOP OF THE 2ND
Calgary Cowboys batting - Pitching for Las Vegas Stars : RHP Dema Mitenkov
Batting: RHB Joe Lewis 0-0: Fly out, F9 (Flyball, 89D)
Batting: LHB Bo Rush 0-0: Called Strike
0-1: Foul Ball, location: 2F
0-2: Foul Ball, location: 2F
0-2: Ball
1-2: Ground out 1-3 (Groundball, 13S)
Batting: RHB Ismael Ortíz 0-0: Called Strike
0-1: Foul Ball, location: 2F
0-2: Foul Ball, location: 2F
0-2: Foul Ball, location: 2F
0-2: Ball
1-2: Foul Ball, location: 2F
1-2: Ball
2-2: Fly out, F2 (Popup, 23F)
Top of the 2nd over - 0 runs, 0 hits, 0 errors, 0 left on base; Calgary 0 - Las Vegas 0
BOTTOM OF THE 2ND
Las Vegas Stars batting - Pitching for Calgary Cowboys : RHP William Bryant
Batting: LHB Morgan Wright 0-0: Foul Ball, location: 2F
0-1: Hit by Pitch
Batting: LHB Edward Rose 0-0: Ball
1-0: Ball
2-0: Ball
3-0: Base on Balls
Morgan Wright to second
Batting: RHB José García 0-0: Foul Ball, location: 2F
0-1: Ball
1-1: Swinging Strike
1-2: Foul Ball, location: 2F
1-2: Ball
2-2: Foul Ball, location: 2F
2-2: Foul Ball, location: 2F
2-2: Ground out 5-3 (Groundball, 25)
Morgan Wright to third
Edward Rose to second
Batting: RHB Tomás Díaz 0-0: Ball
1-0: Ground out 4-3 (Groundball, 4M)
Morgan Wright scores
Edward Rose to third
Batting: RHB Ricardo Guzmán 0-0: Ball
1-0: Ball
2-0: Called Strike
2-1: Ball
3-1: Foul Ball, location: 2F
3-2: Strikes out looking
Bottom of the 2nd over - 1 run, 0 hits, 0 errors, 1 left on base; Calgary 0 - Las Vegas 1
TOP OF THE 3RD
Calgary Cowboys batting - Pitching for Las Vegas Stars : RHP Dema Mitenkov
Batting: RHB Mario Sánchez 0-0: Swinging Strike
0-1: Foul Ball, location: 2F
0-2: Foul Ball, location: 2F
0-2: Strikes out looking
Batting: RHB Tom Rowe 0-0: Ball
1-0: Foul Ball, location: 2F
1-1: Called Strike
1-2: Ball
2-2: Strikes out swinging
Batting: RHB César Rodríguez 0-0: Called Strike
0-1: Foul Ball, location: 2F
0-2: Ball
1-2: Ball
2-2: Strikes out swinging
Top of the 3rd over - 0 runs, 0 hits, 0 errors, 0 left on base; Calgary 0 - Las Vegas 1
BOTTOM OF THE 3RD
Las Vegas Stars batting - Pitching for Calgary Cowboys : RHP William Bryant
Batting: RHB Fernando Bórquez 0-0: Ball
1-0: Foul Ball, location: 2F
1-1: Called Strike
1-2: Ball
2-2: Strikes out looking
Batting: LHB Alberto Varela 0-0: Called Strike
0-1: SINGLE (Groundball, 6D)
Batting: SHB Júlio Salazar 0-0: Called Strike
0-1: Ball
1-1: Ball
2-1: Ground out 4-3 (Groundball, 34D)
Alberto Varela to second
Batting: RHB Gilberto Silva 0-0: Called Strike
0-1: Swinging Strike
0-2: Foul Ball, location: 2F
0-2: Strikes out swinging
Bottom of the 3rd over - 0 runs, 1 hit, 0 errors, 1 left on base; Calgary 0 - Las Vegas 1
TOP OF THE 4TH
Calgary Cowboys batting - Pitching for Las Vegas Stars : RHP Dema Mitenkov
Batting: LHB Edgar López 0-0: Called Strike
0-1: Ball
1-1: Ball
2-1: Ball
3-1: Base on Balls
Batting: LHB Miguel Pérez 0-0: Fielders Choice at 2nd, 4-6 (Groundball, 34)
Batting: LHB Del Kennedy 0-0: Called Strike
0-1: Swinging Strike
0-2: 2-RUN HOME RUN (Flyball, 8RXD), Distance : 427 ft
Batting: RHB Joe Lewis 0-0: Called Strike
0-1: Ball
1-1: Foul Ball, location: 2F
1-2: Foul Ball, location: 2F
1-2: Ball
2-2: Ball
3-2: SINGLE (Groundball, 5S) (infield hit)
Batting: LHB Bo Rush 0-0: Called Strike
0-1: Ball
1-1: SINGLE (Line Drive, 6)
Joe Lewis to second
Batting: RHB Ismael Ortíz 0-0: Fly out, F7 (Flyball, 78D)
Batting: RHB Mario Sánchez 0-0: Called Strike
0-1: Called Strike
0-2: Ball
1-2: Strikes out swinging
Top of the 4th over - 2 runs, 3 hits, 0 errors, 2 left on base; Calgary 2 - Las Vegas 1
BOTTOM OF THE 4TH
Las Vegas Stars batting - Pitching for Calgary Cowboys : RHP William Bryant
Batting: LHB Morgan Wright 0-0: Ball
1-0: Ball
2-0: Foul Ball, location: 2F
2-1: Called Strike
2-2: Ball
3-2: Base on Balls
Batting: LHB Edward Rose 0-0: Ball
1-0: Ball
2-0: Ball
3-0: Called Strike
3-1: Foul Ball, location: 2F
3-2: Foul Ball, location: 2F
3-2: SINGLE (Line Drive, 8RS)
Morgan Wright to second
Batting: RHB José García 0-0: Called Strike
0-1: Fly out, F9 (Line Drive, 9D)
Batting: RHB Tomás Díaz 0-0: Ball
1-0: Ball
2-0: Foul Ball, location: 2F
2-1: Ball
3-1: Base on Balls
Morgan Wright to third
Edward Rose to second
Batting: RHB Ricardo Guzmán 0-0: Ball
1-0: Called Strike
1-1: Ball
2-1: Ball
3-1: Foul Ball, location: 2F
3-2: Foul Ball, location: 2F
3-2: Grounds into double play, 5-4-3 (Groundball, 56)
Bottom of the 4th over - 0 runs, 1 hit, 0 errors, 2 left on base; Calgary 2 - Las Vegas 1
TOP OF THE 5TH
Calgary Cowboys batting - Pitching for Las Vegas Stars : RHP Dema Mitenkov
Batting: RHB Tom Rowe 0-0: Called Strike
0-1: Foul Ball, location: 2F
0-2: Ball
1-2: Ball
2-2: Ball
3-2: Fly out, F8 (Flyball, 8RM)
Batting: RHB César Rodríguez 0-0: Fly out, F7 (Flyball, 78M)
Batting: LHB Edgar López 0-0: Ball
1-0: Called Strike
1-1: Swinging Strike
1-2: Strikes out swinging
Top of the 5th over - 0 runs, 0 hits, 0 errors, 0 left on base; Calgary 2 - Las Vegas 1
BOTTOM OF THE 5TH
Las Vegas Stars batting - Pitching for Calgary Cowboys : RHP William Bryant
Batting: RHB Fernando Bórquez 0-0: Called Strike
0-1: Ground out 1-3 (Groundball, P)
Batting: LHB Alberto Varela 0-0: Swinging Strike
0-1: Ball
1-1: Foul Ball, location: 2F
1-2: Ball
2-2: Foul Ball, location: 2F
2-2: Ball
3-2: Ground out U3 (Groundball, 3)
Batting: SHB Júlio Salazar 0-0: Ball
1-0: Foul Ball, location: 2F
1-1: Swinging Strike
1-2: Ground out 4-3 (Groundball, 4)
Bottom of the 5th over - 0 runs, 0 hits, 0 errors, 0 left on base; Calgary 2 - Las Vegas 1
TOP OF THE 6TH
Calgary Cowboys batting - Pitching for Las Vegas Stars : RHP Dema Mitenkov
Batting: LHB Miguel Pérez 0-0: Ball
1-0: Swinging Strike
1-1: Ball
2-1: Called Strike
2-2: Strikes out swinging
Batting: LHB Del Kennedy 0-0: Ball
1-0: Ball
2-0: Foul Ball, location: 2F
2-1: Ball
3-1: Base on Balls
Batting: RHB Joe Lewis 0-0: Ball
1-0: Swinging Strike
1-1: Foul Ball, location: 2F
1-2: Fielders Choice at 2nd, 6-4 (Groundball, 6)
Batting: LHB Bo Rush 0-0: Ball
1-0: Ball
2-0: Foul Ball, location: 2F
2-1: Foul Ball, location: 2F
2-2: Foul Ball, location: 2F
2-2: Foul Ball, location: 2F
2-2: Ball
3-2: Base on Balls
Joe Lewis to second
Batting: RHB Ismael Ortíz 0-0: Ball
1-0: Ball
2-0: Ball
3-0: Base on Balls
Joe Lewis to third
Bo Rush to second
Batting: RHB Mario Sánchez 0-0: Ball
1-0: Called Strike
1-1: Ball
2-1: Fielders Choice at 2nd, 5-4 (Groundball, 56)
Top of the 6th over - 0 runs, 0 hits, 0 errors, 3 left on base; Calgary 2 - Las Vegas 1
BOTTOM OF THE 6TH
Las Vegas Stars batting - Pitching for Calgary Cowboys : RHP William Bryant
Batting: RHB Gilberto Silva 0-0: Ball
1-0: Ball
2-0: Ground out 4-3 (Groundball, 4)
Batting: LHB Morgan Wright 0-0: Foul Ball, location: 2F
0-1: Ball
1-1: Foul Ball, location: 2F
1-2: Ball
2-2: Ground out 5-3 (Groundball, 56S)
Batting: LHB Edward Rose 0-0: Ball
1-0: Ball
2-0: Ball
3-0: Called Strike
3-1: Foul Ball, location: 2F
3-2: Ground out 3-1 (Groundball, 34S)
Bottom of the 6th over - 0 runs, 0 hits, 0 errors, 0 left on base; Calgary 2 - Las Vegas 1
TOP OF THE 7TH
Calgary Cowboys batting - Pitching for Las Vegas Stars : RHP Dema Mitenkov
Pitching: RHP Roberto Moreno
Batting: RHB Tom Rowe 0-0: Ball
1-0: Ball
2-0: Called Strike
2-1: Ball
3-1: Called Strike
3-2: Ground out 4-3 (Groundball, 4S)
Batting: RHB César Rodríguez 0-0: Called Strike
0-1: Foul Ball, location: 2F
0-2: Fly out, F8 (Flyball, 8LD)
Pitching: LHP Justin Short
Batting: LHB Edgar López 0-0: Ball
1-0: SINGLE (Groundball, 4D)
Pinch Hitting: RHB Luis Ibarra 0-0: Called Strike
0-1: Ball
1-1: Ground out U3 (Groundball, 34)
Top of the 7th over - 0 runs, 1 hit, 0 errors, 1 left on base; Calgary 2 - Las Vegas 1
BOTTOM OF THE 7TH
Las Vegas Stars batting - Pitching for Calgary Cowboys : RHP William Bryant
Pitching: RHP José Ramos
Now in LF: Luis Ibarra
Batting: RHB José García 0-0: Called Strike
0-1: Fly out, F9 (Flyball, 9D)
Batting: RHB Tomás Díaz 0-0: Called Strike
0-1: Called Strike
0-2: Ball
1-2: Hit by Pitch
Pinch Hitting: LHB Paco Rivera 0-0: Ball
1-0: Called Strike
1-1: Ball
2-1: Grounds into double play, 5-4-3 (Groundball, 56)
Bottom of the 7th over - 0 runs, 0 hits, 0 errors, 0 left on base; Calgary 2 - Las Vegas 1
TOP OF THE 8TH
Calgary Cowboys batting - Pitching for Las Vegas Stars : LHP Justin Short
Now in RF: Alonso Holguín
Batting: LHB Del Kennedy 0-0: Ball
1-0: Ball
2-0: Ball
3-0: Called Strike
3-1: Base on Balls
Pitching: LHP Gian-Andrea Nota
Batting: RHB Joe Lewis 0-0: Called Strike
0-1: Ball
1-1: Fly out, F8 (Flyball, 8LXD)
Pinch Hitting: RHB Jorge Balencia 0-0: Called Strike
Pickoff Throw to First - Out!
0-1: Ball
1-1: Ball
2-1: Fly out, F6 (Popup, 6D)
Top of the 8th over - 0 runs, 0 hits, 0 errors, 0 left on base; Calgary 2 - Las Vegas 1
BOTTOM OF THE 8TH
Las Vegas Stars batting - Pitching for Calgary Cowboys : RHP José Ramos
Now in LF: Jorge Balencia
Batting: RHB Fernando Bórquez 0-0: Ball
1-0: Called Strike
1-1: Ball
2-1: Foul Ball, location: 2F
2-2: Foul Ball, location: 2F
2-2: Foul Ball, location: 2F
2-2: Strikes out swinging, 2-3 out at first.
Batting: LHB Alberto Varela 0-0: Ball
1-0: Ball
2-0: Ground out 5-3 (Groundball, 56)
Batting: SHB Júlio Salazar 0-0: Foul Ball, location: 2F
0-1: Ball
1-1: Ball
2-1: SINGLE (Groundball, 4MD)
Batting: RHB Gilberto Silva 0-0: Ball
Júlio Salazar steals 2nd base
1-0: Ground out 1-3 (Groundball, P)
Bottom of the 8th over - 0 runs, 1 hit, 0 errors, 1 left on base; Calgary 2 - Las Vegas 1
TOP OF THE 9TH
Calgary Cowboys batting - Pitching for Las Vegas Stars : LHP Gian-Andrea Nota
Batting: RHB Ismael Ortíz 0-0: Ball
1-0: Called Strike
1-1: Reached on error, E6 (Groundball, 6)
Batting: RHB Mario Sánchez 0-0: Bunted foul
0-1: Bunted foul
0-2: Ball
1-2: Ball
2-2: Strikes out looking
Batting: RHB Tom Rowe 0-0: Ball
1-0: SINGLE (Groundball, 34D)
Ismael Ortíz to second
Runner from 2nd tries for 3rd, SAFE, no throw
Batting: RHB César Rodríguez 0-0: Called Strike
0-1: Ball
Tom Rowe steals 2nd base
1-1: Ball
2-1: Fly out, F7 (Flyball, 78D)
Runner from 3rd tags up, SCORES, throw made
Batting: LHB Edgar López 0-0: Called Strike
0-1: Called Strike
0-2: Ball
1-2: Foul Ball, location: 2F
1-2: TRIPLE (Flyball, 8RXD)
Tom Rowe scores
Batting: RHB Luis Ibarra 0-0: Called Strike
0-1: Ball
1-1: Ball
2-1: Foul Ball, location: 2F
2-2: Fly out, F3 (Flyball, 34D)
Top of the 9th over - 2 runs, 2 hits, 1 error, 1 left on base; Calgary 4 - Las Vegas 1
BOTTOM OF THE 9TH
Las Vegas Stars batting - Pitching for Calgary Cowboys : RHP José Ramos
Pitching: RHP Bernardo Romero
Batting: LHB Morgan Wright 0-0: Ball
1-0: Ball
2-0: Ball
3-0: Called Strike
3-1: Foul Ball, location: 2F
3-2: Base on Balls
Batting: LHB Edward Rose 0-0: Grounds into double play, 5-4-3 (Groundball, 56)
Batting: RHB José García 0-0: Foul Ball, location: 2F
0-1: Ball
1-1: Foul Ball, location: 2F
1-2: Ball
2-2: Strikes out swinging
Bottom of the 9th over - 0 runs, 0 hits, 0 errors, 0 left on base; Calgary 4 - Las Vegas 1
Saturday, April 7th, 2018 - OOTP Baseball 18.8 Build 76